 Dungeon Crawl Stone Soup version 0.30-a0-799-g109b55a442 (webtiles) character file.

Game seed: 17249211680338079597

2 Sabo the Cutter (level 1, 0/13 HPs)
             Began as a Gnoll Wanderer on Feb 21, 2023.
             Slain by an endoplasm (1 damage)
             ... on level 1 of the Dungeon.
             The game lasted 00:01:21 (97 turns).

Sabo the Cutter (Gnoll Wanderer)                      Turns: 97, Time: 00:01:22

Health: 0/13       AC:  3    Str:  7    XL:     1   Next: 40%
Magic:  3/4        EV: 11    Int: 12    God:
Gold:   0          SH:  0    Dex: 14    Spells: 4/5 levels left

rFire   . . .      SeeInvis .    a - +0 short sword
rCold   . . .      Faith    .    (no shield)
rNeg    . . .      Spirit   .    d - +0 robe
rPois   .          Reflect  .    (no helmet)
rElec   .          Harm     .    b - +0 cloak
rCorr   .          Rampage  .    (no gloves)
Will    .....                    (no boots)
Stlth   +++                      (no amulet)
HPRegen 0.22/turn                (no ring)
MPRegen 0.09/turn                (no ring)

@: no status effects
A: fangs 1, strong nose, distributed training
a: no special abilities


You were on level 1 of the Dungeon.
You visited 1 branch of the dungeon, and saw 1 of its levels.

Inventory:

Hand Weapons
 a - a +0 short sword (weapon)
Armour
 b - a +0 cloak (worn)
 d - a +0 robe (worn)
Scrolls
 e - a scroll of silence {unknown}
Potions
 c - a potion of invisibility
 f - 2 potions of resistance {unknown}


   Skills:
 + Level 0.0 Fighting
 + Level 6.4 Short Blades
 + Level 0.0 Long Blades
 + Level 0.0 Axes
 + Level 0.0 Maces & Flails
 + Level 0.0 Polearms
 + Level 0.0 Staves
 + Level 0.0 Ranged Weapons
 + Level 0.0 Throwing
 + Level 0.0 Armour
 + Level 0.0 Dodging
 + Level 5.8 Stealth
 + Level 0.0 Shields
 + Level 0.0 Unarmed Combat
 + Level 2.6 Spellcasting
 + Level 0.0 Conjurations
 + Level 0.0 Hexes
 + Level 0.0 Summonings
 + Level 0.0 Necromancy
 + Level 0.0 Translocations
 + Level 0.0 Transmutations
 + Level 5.3 Fire Magic
 + Level 0.0 Ice Magic
 + Level 0.0 Air Magic
 + Level 0.0 Earth Magic
 + Level 0.0 Poison Magic
 + Level 0.1 Invocations
 + Level 0.0 Evocations


You had 4 spell levels left.
You knew the following spells:

 Your Spells              Type           Power      Damage    Failure   Level
a - Foxfire               Conj/Fire      32%        2x1d5     9%          1

Your spell library contained the following spells:

 Spells                   Type           Power      Damage    Failure   Level
 Scorch                   Fire           28%        2d6       4%          2
 Inner Flame              Hex/Fire       8%         N/A       26%         3


Dungeon Overview and Level Annotations

Branches:
Dungeon (1/15)

Altars:


Innate Abilities, Weirdness & Mutations

You have very sharp teeth.
Your uncanny sense of smell can sniff out nearby items.
Your experience applies equally to all skills.


Message History

You kill the kobold!
A rat comes into view.
Things that are here:
a +0 club; 4 stones
Found 8 gold pieces.
The rat misses you.
An endoplasm comes into view.
The rat bites you.
You closely miss the rat. You closely miss the rat.
You bite the rat, but do no damage.
The rat twitches its whiskers.
The rat barely misses you.
You closely miss the rat.
The endoplasm jiggles.
The rat barely misses you.
You barely miss the rat. You hit the rat but do no damage. The rat bites you.
You hit the rat.
The rat is moderately wounded.
The rat bites you.
You closely miss the rat.
The rat is moderately wounded.
You closely miss the rat.
The rat is moderately wounded.
The rat bites you but does no damage.
You hit the rat.
You kill the rat!
The endoplasm freezes you.
You are frozen.
The endoplasm hits you but does no damage.
You see here a ball python corpse.
The endoplasm freezes you.
You are frozen.
* * * LOW HITPOINT WARNING * * *
You hit the endoplasm.
The endoplasm is moderately wounded.
Casting: Foxfire (safe; 9% risk of failure)
Confirm with . or Enter, or press ? or * to list all spells.
You conjure some foxfire!
The endoplasm misses you. The endoplasm attacks as you move away!
The endoplasm hits you.
You die...

... ∆ .#..##### ... ∆
... ... #.# #.##.####
#.# ####........
##.#######.......######
#†........$............
#.....####..)...#####
#.....# ######v†(..#
#.....# #..J@...#
#.....# #$#..v..#
#.....# #.#.....#
####### # ##....#
.....# .....# ...... ∆
#.#.####


You could see an endoplasm (ally target).

Vanquished Creatures
  A ball python (D:1)
  A frilled lizard (D:1)
  A kobold (D:1)
  A rat (D:1)
4 creatures vanquished.

Vanquished Creatures (others)
  2 foxfires (D:1)
2 creatures vanquished.

Grand Total: 6 creatures vanquished

Notes
Turn   | Place    | Note
-------+----------+-------------------------------------------
     0 | D:1      | Sabo the Gnoll Wanderer began the quest for the Orb.
     0 | D:1      | Sabo set off with the following items: a +0 short sword, a
                  | +0 cloak, a potion of invisibility, a +0 robe; and the
                  | following spell memorised: Foxfire; and the following
                  | spells available to memorise: Scorch, Inner Flame.
     0 | D:1      | Reached XP level 1. HP: 13/13 MP: 4/4
    97 | D:1      | Slain by an endoplasm

Illustrated notes

Levels and vault maps discovered:
D:1:      tarquinn_simple_flora_water_f, layout_basic, minmay_misc_feat_roman,
          interstate_on_off

Action                     || total
---------------------------++-------
  Melee: Short sword       ||    12
         Bite              ||     1
   Cast: Foxfire           ||     2
   Stab: Sleeping          ||     1
 Armour: Robe              ||     2
  Dodge: Dodged            ||     4

Table legend: (Time is in decaauts)
 A = Elapsed time spent in this place.
 B = Non-inter-level travel time spent in this place.
 C = Inter-level travel time spent in this place.
 D = Time resting spent in this place.
 E = Time spent auto-exploring this place.
 F = Levels seen in this place.
 G = Mean time per level.
                   A        B        C        D        E       F      G
               +--------+--------+--------+--------+--------+-----+--------+
         Total |     94 |     94 |      0 |      0 |      0 |   1 |   94.0 |
       Dungeon |     94 |     94 |      0 |      0 |      0 |   1 |   94.0 |
               +--------+--------+--------+--------+--------+-----+--------+

Top non-repeatable levels by time:
     D:1: 94 daAuts
